 Dungeon Crawl Stone Soup version 0.23.2-40-g277498a (webtiles) character file.

Game seed: 6847409203297837257

56476 zhovat1 the Fighter (level 14, -2/133 HPs)
             Began as a Minotaur Fighter on Aug 16, 2019.
             Was the Champion of Okawaru.
             Slain by a yak (13 damage)
             ... on level 6 of the Lair of Beasts.
             The game lasted 00:24:55 (18632 turns).

zhovat1 the Fighter (Minotaur Fighter)             Turns: 18632, Time: 00:24:57

Health: -2/133     AC:  7    Str: 37    XL:     14   Next: 42%
Magic:  16/18      EV: 14    Int:  5    God:    Okawaru [******]
Gold:   1224       SH: 25    Dex:  9    Spells: 13/13 levels left

rFire    . . .     SeeInvis .   x - +1 morningstar (flame)
rCold    + . .     Gourm    .   q - +2 large shield {AC+3}
rNeg     . . .     Faith    .   l - +2 plate armour
rPois    +         Spirit   .   K - -3 hat of Osegeas {rPois}
rElec    .         Reflect  .   s - scarf {cloud immunity}
rCorr    .         Harm     .   (no gloves)
MR       +++..                  G - +2 pair of boots
Stlth    ..........             (no amulet)
HPRegen  0.32/turn              d - ring "Kieff" {+Fly rC+ MR++ Slay+3 Stlth+}
MPRegen  0.16/turn              n - +5 ring of strength

@: mighty, about to teleport, heroism, marked, corroded
A: retaliatory headbutt, horns 2, subdued magic 1, sturdy frame 1
a: Heroism, Finesse, Renounce Religion, Evoke Flight


You were on level 6 of the Lair of Beasts.
You worshipped Okawaru.
Okawaru was exalted by your worship.
You were very hungry.

You visited 3 branches of the dungeon, and saw 19 of its levels.

You collected 1615 gold pieces.
You spent 391 gold pieces at shops.

Inventory:

Hand Weapons
 x - a +1 morningstar of flaming (weapon)
Armour
 l - a +2 plate armour (worn)
 q - a +2 large shield of protection (worn)
 s - a scarf of cloud immunity (worn)
 G - a +2 pair of boots (worn)
 K - the -3 hat of Osegeas (worn) {rPois}
   (Okawaru gifted it to you on level 2 of the Lair of Beasts)

   It protects you from poison.
Jewellery
 d - the ring "Kieff" (left hand) {+Fly rC+ MR++ Slay+3 Stlth+}
   (You found it on level 4 of the Lair of Beasts)

   [ring of stealth]

   It affects your accuracy and damage with ranged weapons and melee attacks
   (+3).
   It protects you from cold.
   It affects your resistance to hostile enchantments.
   It lets you fly.
   It makes you more stealthy.
 i - an uncursed ring of poison resistance {unknown}
 n - a +5 ring of strength (right hand)
 D - an uncursed amulet of magic regeneration
 F - an uncursed ring of see invisible
 I - an uncursed ring of fire {unknown}
Wands
 g - a wand of random effects (56)
 h - a wand of flame (22)
 p - a wand of enslavement (15)
 t - a wand of acid (3)
 w - a wand of polymorph (15)
 z - a wand of disintegration (12)
 A - a wand of iceblast (18)
 L - a wand of paralysis (15)
 S - a wand of digging (5)
Scrolls
 k - 2 scrolls of enchant weapon
 o - a scroll of fear
 u - 3 scrolls of amnesia
 v - 6 scrolls of remove curse
 y - 2 scrolls of teleportation
 B - a scroll of fog
 M - a scroll of summoning
 O - 2 scrolls of identify
Potions
 a - 3 potions of flight
 b - a potion of haste
 e - 3 potions of lignification
 j - 2 potions of magic
 m - 4 potions of brilliance
 r - 3 potions of ambrosia
 C - 2 potions of curing
 E - a potion of mutation
 H - 4 potions of agility
 N - a potion of cancellation {unknown}
Comestibles
 f - 33 rations


   Skills:
 * Level 14.6(19.6) Fighting
 + Level 12.9(17.9) Maces & Flails
 + Level 11.9(16.9) Armour
 + Level 10.3(15.3) Dodging
 + Level 11.7(16.7) Shields
 - Level 3.0(8.0) Unarmed Combat
 + Level 7.8 Invocations
 - Level 7.0 Evocations


You had 13 spell levels left.
You didn't know any spells.
Your spell library contained the following spells:

 Spells                   Type           Power        Failure   Level  Hunger
 Passwall                 Tmut/Erth      #.......     99%         2    ###....
 Poisonous Vapours        Pois/Air       #.....       99%         2    ###....
 Conjure Flame            Conj/Fire      #.......     100%        3    ####...
 Ignite Poison            Fire/Tmut/Pois #.......     100%        3    ####...
 Mephitic Cloud           Conj/Pois/Air  #.......     100%        3    ####...
 Petrify                  Tmut/Erth      #.......     100%        4    #####..
 Irradiate                Conj/Tmut      #.........   100%        5    ######.
 Freezing Cloud           Conj/Ice/Air   #.........   100%        6    #######
 Hydra Form               Tmut           #.........   100%        6    #######
 Statue Form              Tmut/Erth      #........    100%        6    #######
 Dragon Form              Tmut           #.........   100%        7    #######
 Ring of Flames           Chrm/Fire      #.........   100%        7    #######


Dungeon Overview and Level Annotations

Branches:
Dungeon (12/15)            Temple (1/1) D:7            Lair (6/6) D:10
  Swamp (0/4) Lair:3        Snake (0/4) Lair:2        Slime (0/5) Lair:5
    Orc (0/2) D:11

Altars:
Cheibriados
Dithmenos
Elyvilon
Fedhas
Gozag
Hepliaklqana
Okawaru
Uskayaw
Vehumet
Yredelemnul
Zin
The Shining One
Jiyva

Shops:
D:4 =   D:7 }   D:10 [   D:11 [

Portals:
Trove: D:10 (give +3 shadow dragon scales)

Annotations:
D:9 1 runed translucent door, belikeron's ghost, novice HOFi


Innate Abilities, Weirdness & Mutations

You reflexively headbutt those who attack you in melee.
You have a pair of horns on your head.
Your spells are a little easier to cast, but a little less powerful.
Your movements are slightly less encumbered by armour. (ER -2)


Message History

Your headbutt misses the entropy weaver.
The entropy weaver is severely wounded.
You block the yak's attack. The entropy weaver hits you.
* * * LOW HITPOINT WARNING * * *
You block the entropy weaver's attack.
The entropy weaver hits you but does no damage.
The entropy weaver misses you. You block the soldier ant's attack.
Okay, then.
You closely miss the entropy weaver. You headbutt the entropy weaver.
The entropy weaver is severely wounded.
The entropy weaver casts a spell.
The entropic weave corrodes you! You block the yak's attack.
As you read the scroll of teleportation, it crumbles to dust.
You feel strangely unstable. You block the soldier ant's attack.
You block the entropy weaver's attack. The entropy weaver closely misses you.
The entropy weaver hits you.
* * * LOW HITPOINT WARNING * * *
The entropy weaver completely misses you.
The yak gores you!
You die...

..................###.##
.......(..#..#....###..#
#..........####...##...#
#...........# #.####...#
##.........## #.#####..#
###.......Yh####.P###.##
.###.....tYtkaYYY.....##
..##.....YtalYaaYa...PP#
.###......#'a'##@#..PP.#
.P##.(...##†.a###[#.P..#
..##...###a.#..#####...#
.###..# aaa###... ##.P#
#.# .. !.aa a..! #..#
### ##...


aaa## ..# ..#a a#.. ..# #.. You could see an entropy weaver, a polar bear, a
komodo dragon, 4 yaks, a rime drake, 2 soldier ants, 3 crocodiles, 4 dream sheep
and 2 worker ants.

Vanquished Creatures
  Nessos (Lair:5)
  A dire elephant (Lair:6)
  3 hydras
  Harold (D:7)
  An ice dragon (Lair:6)
  A catoblepas (Lair:6)
  Erica (D:9)
  A queen ant (Lair:6)
  2 two-headed ogres (D:11)
  16 death yaks
  Urug (Lair:1)
  Nergalle (Lair:1)
  3 lindwurms (Lair:6)
  5 oklob plants
  2 manticores (Lair:6)
  5 elephants
  Joseph (D:10)
  3 black mambas
  6 torpor snails
  10 spiny frogs
  3 rime drakes
  6 komodo dragons
  A polar bear (Lair:6)
  10 hornets
  2 bog bodies (Lair:3)
  7 hippogriffs
  3 blink frogs (Lair:3)
  3 tyrant leeches (Lair:6)
  Grinder (D:3)
  11 dream sheep
  Sigmund (D:3)
  24 yaks
  A wraith (D:10)
  2 wyverns
  4 basilisks
  5 hungry ghosts
  Menkaure (D:7)
  A naga (Lair:2)
  2 swamp worms (Lair:3)
  18 water moccasins
  10 soldier ants (Lair:6)
  8 porcupines
  3 sky beasts
  3 ice beasts
  2 orc warriors
  5 black bears
  3 phantoms
  5 ogres
  10 wolves
  5 centaurs
  9 crocodiles
  A big kobold (D:10)
  9 bullfrogs
  5 scorpions
  10 killer bees
  An electric eel (Lair:3)
  4 crimson imps
  A bullfrog zombie (D:9)
  7 orc priests
  2 hounds
  5 jellies
  A centaur skeleton (D:6)
  2 iguanas
  Terence (D:3)
  6 orc wizards
  5 hell rats (Lair:6)
  14 worker ants
  2 hound zombies
  2 hound skeletons (D:9)
  8 gnolls
  5 adders
  3 shadow imps
  14 oozes (Lair:5)
  A worm (D:11)
  2 dart slugs (D:1)
  3 leopard geckos
  26 orcs
  5 bats
  2 giant cockroaches
  A goblin (D:2)
  8 hobgoblins
  14 jackals
  3 quokkas
  A ball python (D:3)
  4 frilled lizards
  9 kobolds
  A quokka zombie (D:10)
  4 rats
  A plant (Lair:6)
427 creatures vanquished.

Vanquished Creatures (others)
  19 fungi
  22 plants
  12 toadstools (Lair:2)
53 creatures vanquished.

Grand Total: 480 creatures vanquished

Notes
Turn   | Place    | Note
-------+----------+-------------------------------------------
     0 | D:1      | zhovat1 the Minotaur Fighter began the quest for the Orb.
     0 | D:1      | Reached XP level 1. HP: 19/19 MP: 0/0
    81 | D:1      | Reached XP level 2. HP: 25/27 MP: 1/1
   892 | D:2      | Reached XP level 3. HP: 32/33 MP: 2/2
   895 | D:2      | Reached skill level 1 in Dodging
  1361 | D:3      | Noticed Grinder
  1369 | D:3      | Killed Grinder
  1369 | D:3      | Reached skill level 4 in Fighting
  1369 | D:3      | Reached XP level 4. HP: 26/41 MP: 3/3
  1369 | D:3      | Reached XP level 5. HP: 30/47 MP: 4/4
  1548 | D:3      | Found an opulent altar of Gozag.
  1565 | D:3      | Noticed Terence
  1565 | D:3      | Noticed Sigmund
  1576 | D:3      | Killed Terence
  1593 | D:3      | Killed Sigmund
  1593 | D:3      | Reached skill level 5 in Maces & Flails
  1593 | D:3      | Reached XP level 6. HP: 48/53 MP: 5/5
  1841 | D:4      | Found Muosch's Jewellery Emporium.
  1884 | D:4      | Reached skill level 5 in Shields
  1884 | D:4      | Reached XP level 7. HP: 52/60 MP: 6/6
  1893 | D:4      | Reached skill level 5 in Armour
  2194 | D:5      | Entered Level 5 of the Dungeon
  2200 | D:5      | Reached skill level 5 in Fighting
  2810 | D:5      | Reached XP level 8. HP: 65/69 MP: 7/7
  3979 | D:6      | Reached skill level 6 in Fighting
  4503 | D:7      | Noticed Menkaure
  4508 | D:7      | Killed Menkaure
  4673 | D:7      | Reached XP level 9. HP: 71/78 MP: 8/8
  4722 | D:7      | Noticed Harold
  4731 | D:7      | Killed Harold
  4731 | D:7      | Reached skill level 7 in Fighting
  4731 | D:7      | Reached skill level 5 in Dodging
  5013 | D:7      | Found a staircase to the Ecumenical Temple.
  5028 | Temple   | Entered the Ecumenical Temple
  5034 | Temple   | Became a worshipper of Warmaster Okawaru
  5054 | D:7      | Found Sooghom's Gadget Boutique.
  5402 | D:7      | Found a hide-covered altar of Uskayaw.
  5402 | D:7      | Found a basalt altar of Yredelemnul.
  5403 | D:7      | Found a snail-covered altar of Cheibriados.
  5404 | D:7      | Found a shadowy altar of Dithmenos.
  5405 | D:7      | Found a white marble altar of Elyvilon.
  5407 | D:7      | Found a radiant altar of Vehumet.
  5504 | D:8      | Reached skill level 1 in Invocations
  5504 | D:8      | Reached skill level 1 in Evocations
  5690 | D:8      | Reached * piety under Okawaru
  6243 | D:8      | Got an encrusted long sword
  6244 | D:8      | Identified the +6 long sword of Guile {protect, rC+ Int+4}
                  | (You found it on level 8 of the Dungeon)
  6287 | D:9      | Reached skill level 8 in Fighting
  6298 | D:9      | Reached XP level 10. HP: 72/88 MP: 10/10
  6482 | D:9      | Noticed Erica
  6499 | D:9      | Killed Erica
  6499 | D:9      | Reached ** piety under Okawaru
  7444 | D:9      | Reached skill level 10 in Maces & Flails
  7468 | D:9      | Reached skill level 9 in Fighting
  7512 | D:9      | Found a runed translucent door.
  7512 | D:9      | Noticed belikeron's ghost (novice HOFi)
  7825 | D:10     | Entered Level 10 of the Dungeon
  7889 | D:10     | Reached *** piety under Okawaru
  7961 | D:10     | Found a portal to a secret trove of treasure.
  8303 | D:10     | Found a staircase to the Lair.
  8346 | D:10     | Reached XP level 11. HP: 72/99 MP: 12/12
  8579 | D:10     | Noticed Joseph
  8590 | D:10     | Killed Joseph
  8604 | D:10     | Found Ziyqus's Armour Emporium.
  8612 | D:10     | Bought a +0 plate armour for 391 gold pieces
  8829 | D:11     | Noticed a two-headed ogre
  8846 | D:10     | Reached **** piety under Okawaru
  8870 | D:11     | Killed a two-headed ogre
  8870 | D:11     | Reached skill level 10 in Fighting
  8900 | D:11     | Found a staircase to the Orcish Mines.
  8977 | D:11     | Identified the Grimoire of Shape Shifting
  8995 | D:11     | Found Cuanaug's Armour Shop.
  9117 | D:11     | Found a flagged portal.
  9147 | D:11     | Found a blossoming altar of Fedhas.
  9193 | D:11     | Noticed a two-headed ogre
  9205 | D:11     | Killed a two-headed ogre
  9312 | D:11     | Gained mutation: Your spells are a little easier to cast,
                  | but a little less powerful. [potion of mutation]
  9312 | D:11     | Gained mutation: Your movements are slightly less
                  | encumbered by armour. (ER -2) [potion of mutation]
  9329 | D:11     | Reached ***** piety under Okawaru
  9759 | D:12     | Noticed a green ugly thing
  9817 | Lair:1   | Entered Level 1 of the Lair of Beasts
  9988 | Lair:1   | Noticed Nergalle
 10002 | Lair:1   | Killed Nergalle
 10419 | Lair:1   | Got a translucent ring mail
 10430 | Lair:1   | Identified the +2 ring mail of Teuchyal {+Fly rC++ Slay-5}
                  | (You found it on level 1 of the Lair of Beasts)
 10694 | Lair:1   | Noticed Urug
 10709 | Lair:1   | Killed Urug
 10818 | Lair:2   | Reached skill level 11 in Fighting
 11279 | Lair:2   | Found a staircase to the Snake Pit.
 11652 | Lair:2   | Noticed a death yak
 11679 | Lair:2   | Killed a death yak
 11679 | Lair:2   | Received a gift from Okawaru
 11679 | Lair:2   | Reached XP level 12. HP: 85/110 MP: 14/14
 11680 | Lair:2   | Reached skill level 5 in Invocations
 11707 | Lair:2   | Got an ancient hat {god gift}
 11713 | Lair:2   | Identified the -3 hat of Osegeas {rPois} (Okawaru gifted it
                  | to you on level 2 of the Lair of Beasts)
 12025 | Lair:2   | Noticed a dire elephant
 12025 | Lair:2   | Noticed a dire elephant
 12045 | Lair:2   | Found a runed translucent door.
 12493 | Lair:3   | Noticed a five-headed hydra
 12502 | Lair:3   | Killed a five-headed hydra
 12594 | Lair:3   | Reached skill level 10 in Armour
 13150 | Lair:3   | Got a vibrating lead ring
 13179 | Lair:3   | Reached skill level 12 in Fighting
 13305 | Lair:3   | Found a staircase to the Swamp.
 13318 | Lair:3   | Reached skill level 5 in Evocations
 13411 | Lair:3   | Noticed a death yak
 13428 | Lair:3   | Killed a death yak
 13428 | Lair:3   | Reached skill level 10 in Shields
 14173 | Lair:4   | Got a steaming steel ring
 14197 | Lair:4   | Identified the ring "Vuutz" {Wiz *Drain rN++} (You found it
                  | on level 3 of the Lair of Beasts)
 14199 | Lair:4   | Identified the ring "Kieff" {+Fly rC+ MR++ Slay+3 Stlth+}
                  | (You found it on level 4 of the Lair of Beasts)
 14843 | Lair:4   | Noticed a four-headed hydra
 14851 | Lair:4   | Killed a four-headed hydra
 14851 | Lair:4   | Received a gift from Okawaru
 15154 | Lair:5   | Noticed a death yak
 15154 | Lair:5   | Noticed a death yak
 15155 | Lair:5   | Noticed a death yak
 15155 | Lair:5   | Noticed a death yak
 15155 | Lair:5   | Noticed a death yak
 15165 | Lair:5   | Killed a death yak
 15169 | Lair:5   | Killed a death yak
 15169 | Lair:5   | Reached XP level 13. HP: 119/119 MP: 16/16
 15208 | Lair:5   | Found a viscous altar of Jiyva.
 15209 | Lair:5   | Found a staircase to the Slime Pits.
 15326 | Lair:5   | Reached skill level 13 in Fighting
 15610 | Lair:5   | Noticed Nessos
 15649 | Lair:5   | Killed Nessos
 15649 | Lair:5   | Reached ****** piety under Okawaru
 15999 | Lair:5   | Received a gift from Okawaru
 16367 | Lair:6   | Entered Level 6 of the Lair of Beasts
 16507 | Lair:6   | Received a gift from Okawaru
 16794 | Lair:6   | Noticed a dire elephant
 16797 | Lair:6   | Found the +7 longbow "Piercer" {penet, EV-2}
 16804 | Lair:6   | Killed a dire elephant
 17438 | Lair:6   | Reached skill level 14 in Fighting
 17581 | Lair:6   | Found a runed translucent door.
 17592 | Lair:6   | Reached skill level 10 in Dodging
 17592 | Lair:6   | Reached XP level 14. HP: 108/132 MP: 18/18
 18082 | Lair:6   | Paralysed by a hornet for 3 turns
 18438 | Lair:6   | Received a gift from Okawaru
 18561 | Lair:6   | Noticed an entropy weaver
 18628 | Lair:6   | HP: 5/133 [entropy weaver (5)]
 18632 | Lair:6   | Slain by a yak

Skill      XL: |  1  2  3  4  5  6  7  8  9 10 11 12 13 14 |
---------------+-------------------------------------------+-----
Maces & Flails | 3 4 5 6 8 9 10 11 12 | 12.9
Dodging        | 2 3 4 5 6 7 9 10 | 10.3
Shields        | 4 5 6 7 8 9 10 11 | 11.7
Fighting       | 4 5 6 8 9 11 12 14 | 14.6
Armour         | 4 5 6 7 8 9 10 11 | 11.9
Unarmed Combat | 2 3 |  3.0
Invocations    | 1 3 4 6 7 |  7.8
Evocations     | 1 3 4 5 6 7 |  7.0

Action                   |  1- 3 |  4- 6 |  7- 9 | 10-12 | 13-15 || total
-------------------------+-------+-------+-------+-------+-------++-------
Melee: Flail             |    63 |    41 |   250 |   468 |   116 ||   938
       Headbutt          |    11 |    13 |    58 |   172 |   134 ||   388
       Long sword        |       |       |    17 |   195 |       ||   212
       Morningstar       |       |       |       |       |   303 ||   303
Invok: Heroism           |       |       |       |     1 |     3 ||     4
       Finesse           |       |       |       |     1 |     3 ||     4
Evoke: Wand              |       |       |       |       |    12 ||    12
  Use: Scroll            |     5 |       |    13 |    17 |     7 ||    42
       Potion            |     1 |     1 |       |     8 |     3 ||    13
 Stab: Distracted        |       |       |       |       |     1 ||     1
  Eat: Chunk             |     1 |     2 |    13 |    30 |    10 ||    56
       Ration            |       |       |       |     3 |       ||     3
Armor: Scale mail        |    30 |    14 |   108 |    65 |       ||   217
       Plate armour      |       |       |       |   188 |   106 ||   294
Dodge: Dodged            |    25 |    12 |   105 |   256 |   134 ||   532
Block: Shield            |    38 |    17 |   192 |   462 |   225 ||   934
       Large shield      |       |       |       |       |    73 ||    73
       Rpst.: Long sword |       |       |     7 |    18 |       ||    25
